 Dungeon Crawl Stone Soup version 0.31-a0-1204-ge2c1a860ed (webtiles) character file.

Game seed: 8136622537478263967

116 hikkokomori the Digger (level 5, -1/30 HPs)
             Began as a Gargoyle Earth Elementalist on Dec 12, 2023.
             Slain by Grinder (7 damage)
             ... on level 3 of the Dungeon.
             The game lasted 00:03:40 (2115 turns).

hikkokomori the Digger (GrEE)                       Turns: 2115, Time: 00:03:40

Health: -1/30      AC:  9    Str: 12    XL:     5   Next: 1%
Magic:  5/9        EV: 11    Int: 17    God:
Gold:   105        SH:  0    Dex: 10    Spells: 8/9 levels left

rFire   . . .        j - +0 short sword (venom)
rCold   . . .        (no shield)
rNeg    + . .        a - +0 robe
rPois   ∞            (no helmet)
rElec   +            (no cloak)
rCorr   .            (no gloves)
SInv    .            m - +2 pair of boots
Will    .....        (no amulet)
Stlth   ++           (no ring)
HPRegen 0.25/turn    (no ring)
MPRegen 0.11/turn

%: no passive effects
@: no status effects
A: sickness immunity, AC +4, negative energy resistance 1, electricity
resistance, torment resistance 1, petrification resistance
a: no special abilities


You were on level 3 of the Dungeon.
You visited 1 branch of the dungeon, and saw 3 of its levels.

You collected 105 gold pieces.

Inventory:

Hand Weapons
 j - a +0 short sword of venom (weapon)
Missiles
 s - 2 curare-tipped darts
Armour
 a - a +0 robe (worn)
 m - a +2 pair of boots (worn)
Jewellery
 p - an amulet of faith
Wands
 w - a wand of iceblast (9)
Scrolls
 c - 3 scrolls of teleportation {unknown}
 d - a scroll of fear {unknown}
 f - a scroll of acquirement {unknown}
 n - 2 scrolls of blinking {unknown}
 o - a scroll of enchant armour {unknown}
 r - a scroll of identify {unknown}
 u - a scroll of noise {unknown}
Potions
 b - a potion of magic
 e - a potion of enlightenment {unknown}
 h - 2 potions of might {unknown}
 i - a potion of attraction {unknown}
 k - 2 potions of brilliance {unknown}
 l - a potion of mutation {unknown}
 q - 2 potions of ambrosia {unknown}
 t - a potion of invisibility {unknown}
 v - a potion of haste {unknown}


   Skills:
 + Level 2.2 Fighting
 - Level 1.5 Dodging
 + Level 3.5 Stealth
 + Level 2.8 Spellcasting
 - Level 0.7 Transmutations
 + Level 4.5 Earth Magic


You had 8 spell levels left.
You knew the following spells:

 Your Spells              Type           Power      Damage    Failure   Level
a - Sandblast             Erth           34%        2d9       2%          1

Your spell library contained the following spells:

 Spells                   Type           Power      Damage    Failure   Level
 Passwall                 Tmut/Erth      9%         N/A       9%          2
 Freeze                   Ice            8%         1d3       19%         1
 Stone Arrow              Conj/Erth      20%        3d8       22%         3
 Poisonous Vapours        Pois/Air       4%         N/A       26%         2
 Ignite Poison            Fire/Tmut/Pois 3%         N/A       43%         3
 Frozen Ramparts          Ice            4%         1d1       47%         3
 Hailstorm                Conj/Ice       2%         3d5       47%         3
 Mephitic Cloud           Conj/Pois/Air  2%         N/A       47%         3
 Petrify                  Tmut/Erth      11%        N/A       52%         4
 Brom's Barrelling Bould  Conj/Erth      10%        2d3       56%         4
 Freezing Cloud           Conj/Ice/Air   1%         6-21      99%         5
 Haunt                    Necr/Summ      1%         N/A       100%        7
 Borgnjor's Revivificati  Necr           1%         N/A       100%        8
 Death's Door             Necr           1%         N/A       100%        9
 Cigotuvi's Dreadful Rot  Necr/Pois/Air  Unusable   N/A       N/A         2

Dungeon Overview and Level Annotations

Branches:
Dungeon (3/15)

Altars:

Annotations:
D:3 Grinder


Innate Abilities, Weirdness & Mutations

You are immune to sickness and miasma.
Your stone body is resilient. (AC +4)
You are immune to poison.
You resist negative energy. (rN+)
You are resistant to electric shocks. (rElec)
You are resistant to unholy torment.
You are immune to petrification.


Message History

Unknown command.
Unknown command.
You feel better. Grinder closely misses you.
You hit Grinder.
Grinder is poisoned.
Grinder is heavily wounded.
Grinder hits you.
* * * LOW HITPOINT WARNING * * *
Unknown command.
An adder comes into view.
The adder hisses angrily.
You hit Grinder.
Grinder looks as sick as possible!
Grinder is heavily wounded.
Grinder completely misses you.
Unknown command.
The adder bites you but does no damage.
A rat comes into view.
The adder closely misses you.
The rat squeaks loudly.
Grinder attacks as she pursues you! Grinder hits you.
* * * LOW HITPOINT WARNING * * *
The adder barely misses you.
Unknown command.
Casting: Sandblast (safe; 2% risk of failure)
Confirm with . or Enter, or press ? or * to list all spells.
Okay, then.
Found a stone staircase leading down.
The adder barely misses you.
Found 7 stones.
Grinder sighs, "No one appreciates my work."
The adder bites you but does no damage.
An endoplasm comes into view.
The endoplasm quivers.
The rat misses you.
A bat comes into view.
Aiming: Iceblast
Press: ? - help, Shift-Dir - straight line
Okay, then.
You closely miss the rat. The rat bites you but does no damage.
Grinder hits you!
You die...
Grinder says, "Hey, I wasn't done torturing you yet!"

.# .# #############.. ..
#.<...#.....#..## ... .
#...†....$.......# #.# .
.................#.# #.# ##
#...........$....#.# #.####.
#................#.## #......
##...K.........>.#$.#### #..†...
#.........J...)@##)...####......
#..............r5...b...........
.(......S†..##..#..#.###
#.....#..#####....##.#
######...# #..#......# .....#
#.#######.# #.###.. ... ## ##
##. ### #


You could see Grinder (very poisoned), an adder, an endoplasm, a bat (wandering)
and a rat.

Vanquished Creatures
  Terence (D:1)
  Ijyb (D:3)
  An adder (D:2)
  A worm (D:2)
  5 ball pythons
  8 bats
  2 endoplasms
  4 giant cockroaches (D:1)
  4 goblins
  4 hobgoblins
  4 jackals (D:1)
  2 quokkas (D:1)
  8 frilled lizards (D:1)
  4 kobolds
  2 rats (D:2)
51 creatures vanquished.

Notes
Turn   | Place    | Note
-------+----------+-------------------------------------------
     0 | D:1      | hikkokomori the Gargoyle Earth Elementalist began the quest
                  | for the Orb.
     0 | D:1      | Reached XP level 1. HP: 10/10 MP: 3/3
   242 | D:1      | Reached XP level 2. HP: 16/16 MP: 3/5
   497 | D:1      | Reached skill level 1 in Fighting
   631 | D:1      | Reached skill level 4 in Earth Magic
   873 | D:1      | Reached XP level 3. HP: 20/20 MP: 1/6
  1230 | D:2      | Noticed Terence
  1244 | D:1      | Killed Terence
  1245 | D:1      | Reached XP level 4. HP: 16/26 MP: 4/7
  1926 | D:3      | Noticed Ijyb
  2093 | D:3      | Noticed Grinder
  2098 | D:3      | Killed Ijyb
  2099 | D:3      | Reached XP level 5. HP: 10/30 MP: 3/9
  2115 | D:3      | Slain by Grinder

Illustrated notes

Levels and vault maps discovered:
D:1:      ebering_hopf_link, layout_basic, roderic_lattice_a,
          palyth_stone_intersect, nrook_campfire, minmay_lizard_pond
D:2:      cheibrodos_old_hovel, layout_rooms, nicolae_underground_beach,
          uniq_terence
D:3:      layout_rooms, lightli_temple_of_fire, uniq_grinder, uniq_ijyb

Skill      XL: |  1  2  3  4 |
---------------+-------------+-----
Fighting       | 1 2 |  2.2
Earth Magic    | 4 |  4.5
Stealth        | 3 |  3.5
Dodging        | |  1.5
Spellcasting   | |  2.8
Transmutations | |  0.7

Action                     |  1- 3 |  4- 6 || total
---------------------------+-------+-------++-------
  Melee: Unarmed           |    24 |       ||    24
         Short sword       |     8 |    18 ||    26
   Cast: Sandblast         |    45 |    36 ||    81
  Evoke: Wand              |       |     1 ||     1
    Use: Potion            |       |     2 ||     2
 Armour: Robe              |    36 |    42 ||    78
  Dodge: Dodged            |    46 |    29 ||    75

Table legend: (Time is in decaauts)
 A = Elapsed time spent in this place.
 B = Non-inter-level travel time spent in this place.
 C = Inter-level travel time spent in this place.
 D = Time resting spent in this place.
 E = Time spent auto-exploring this place.
 F = Levels seen in this place.
 G = Mean time per level.
                   A        B        C        D        E       F      G
               +--------+--------+--------+--------+--------+-----+--------+
         Total |   2157 |   2106 |     51 |     26 |   1675 |   3 |  719.0 |
       Dungeon |   2157 |   2106 |     51 |     26 |   1675 |   3 |  719.0 |
               +--------+--------+--------+--------+--------+-----+--------+

Top non-repeatable levels by time:
     D:1: 1278 daAuts
     D:2: 809 daAuts
     D:3: 69 daAuts
